 Dungeon Crawl Stone Soup version 0.21-a0-317-gd0d0d88 (webtiles) character file.

14 qqqbard the Skirmisher (level 2, 0/19 HPs)
             Began as a Gargoyle Fighter on Sept 29, 2017.
             Slain by Sigmund
             ... wielding a +0 scythe
              (5 damage)
             ... on level 2 of the Dungeon.
             The game lasted 00:01:47 (663 turns).

qqqbard the Skirmisher (Gargoyle Fighter)            Turns: 663, Time: 00:01:47

Health: 0/19       AC:  9    Str: 19    XL:     2   Next: 45%
Magic:  2/2        EV:  9    Int:  8    God:
Gold:   37         SH:  4    Dex:  9    Spells: 1/1 levels left

rFire    . . .     SeeInvis .   a - +0 flail
rCold    . . .     Gourm    .   e - +0 buckler
rNeg     + . .     Faith    .   b - +0 scale mail
rPois    ∞         Spirit   .   (no helmet)
rElec    +         Reflect  .   (no cloak)
rCorr    .         Harm     .   (no gloves)
MR       .....                  (no boots)
Stlth    ..........             (no amulet)
HPRegen  0.06/turn              (no ring)
MPRegen  0.08/turn              (no ring)

@: no status effects
A: negative energy resistance 1, electricity resistance, unbreathing,
petrification resistance, rot immunity, AC +2
a: no special abilities


You were on level 2 of the Dungeon.
You were not hungry.

You visited 1 branch of the dungeon, and saw 2 of its levels.

You collected 37 gold pieces.

Inventory:

Hand Weapons
 a - a +0 flail (weapon)
Armour
 b - a +0 scale mail (worn)
 c - a +0 shield
 e - a +0 buckler (worn)
Potions
 d - a potion of might
 i - a potion of agility {unknown}
 j - a potion of haste {unknown}
 k - a potion of ambrosia {unknown}
Comestibles
 f - a bread ration
 g - a chunk of flesh
 h - 2 royal jellies


   Skills:
 + Level 3.5 Fighting
 * Level 2.5 Maces & Flails
 + Level 3.4 Armour
 + Level 0.0 Dodging
 + Level 3.3 Shields


You had one spell level left.
You didn't know any spells.

Dungeon Overview and Level Annotations

Branches:
Dungeon (2/15)

Altars:

Annotations:
D:2 Sigmund


Innate Abilities, Weirdness & Mutations

You are resistant to torment.
Your stone body is resilient. (AC +2)
You are immune to poison.
You resist negative energy. (rN+)
You are resistant to electric shocks. (rElec)
You can survive without breathing.
You are immune to petrification.
You are immune to rotting.


Message History

Things that are here:
a dagger; a goblin corpse You barely miss Sigmund.
Sigmund gestures wildly while chanting.
Sigmund flickers and vanishes!
Deactivating autopickup; reactivate with Ctrl-A.
No target in view!
No target in view!
No target in view!
You miss something.
You hear some strange, mumbled words.
Something tries to affect you, but you resist.
You closely miss something. Something hits you but does no damage.
You closely miss something. Something hits you but does no damage.
You barely miss something. Something hits you but does no damage.
You closely miss something. Something hits you!
* * * LOW HITPOINT WARNING * * *
You hit something. Something hits you but does no damage. Something hits you.
You die...

...# .## ..( ...#
..## .... .
#..#.#.#.# ...
#........
..#..###.##.#.#..
#.....[.........
.##.#####)....##
.......@.{.##....
....######.# .. .
.# .# .# .# <#


There were no monsters in sight!

Vanquished Creatures
  A leopard gecko (D:1)
  2 bats (D:1)
  2 goblins
  3 hobgoblins (D:1)
  A kobold (D:1)
  4 rats (D:1)
13 creatures vanquished.

Notes
Turn   | Place    | Note
-------+----------+-------------------------------------------
     0 | D:1      | qqqbard the Gargoyle Fighter began the quest for the Orb.
     0 | D:1      | Reached XP level 1. HP: 14/14 MP: 1/1
   183 | D:1      | Reached XP level 2. HP: 19/19 MP: 2/2
   643 | D:2      | Noticed Sigmund
   663 | D:2      | Slain by Sigmund

Vault maps used:
D:1:      dpeg_arrival_round_c
D:2:      grunt_temple_overflow_diamond, uniq_robin, uniq_sigmund

Action                   || total
-------------------------++-------
Melee: Flail             ||    61
Armor: Scale mail        ||    23
Dodge: Dodged            ||    34
Block: Shield            ||     7
       Buckler           ||     4

Table legend:
 A = Spawn XP
 B = Non-spawn XP
 C = Spawn XP percentage of total XP
 D = Spawn monster count
 E = Non-spawn monster count
 F = Spawn count percentage of total count
 G = Total turns spent on level
                    A         B        C        D         E        F      G
               +---------+---------+-------+---------+---------+-------+---------
         Total |       0 |      21 |   0.0 |       0 |      13 |   0.0 |   663
               +---------+---------+-------+---------+---------+-------+---------
           D:1 |       0 |      19 |   0.0 |       0 |      12 |   0.0 |   643
           D:2 |       0 |       2 |   0.0 |       0 |       1 |   0.0 |    20
               +---------+---------+-------+---------+---------+-------+---------
